 Dungeon Crawl Stone Soup version 0.30.1-9-gdf580d7c3d (webtiles) character file.

Game seed: 9103598800385800316

413506 Zonian the Sorcerer (level 22, -3/153 HPs)
             Began as a Deep Elf Ice Elementalist on Oct 9, 2023.
             Was a High Priest of Ashenzari.
             Slain by a tentacled monstrosity (5 damage)
             ... on level 4 of the Vaults.
             The game lasted 05:49:35 (86522 turns).

Zonian the Sorcerer (Deep Elf Ice Elementalist)    Turns: 86522, Time: 05:49:36

Health: -3/153     AC: 17    Str:  5    XL:     22   Next: 51%
Magic:  24/56      EV: 28    Int: 28    God:    Ashenzari [*****.]
Gold:   2166       SH:  4    Dex: 22    Spells: 4/69 levels left

rFire   + . .        w - +5 longbow (elec)
rCold   + + .        (shield currently unavailable)
rNeg    . . .        M - +1 robe of Vines {NoPotionHeal Regen++++, Cun, Range} (curse)
rPois   .            S - +0 helmet "Chained Together" {Regen+, Alch, Self} (curse)
rElec   .            d - scarf "Circumscribed With Me" {shadows, Bglg, Comp} (curse)
rCorr   .            R - +2 pair of gloves of the Eye in the Sky {Dex+3, Evo, Cun} (curse)
SInv    +            k - +2 pair of boots of the Profound Loss {Melee, Fort} (curse)
Will    ++...        F - amulet of Supernal Understanding {rC++ Regen+ Slay+3 Stlth+, Elem, Cun} (curse)
Stlth   +++++++      H - ring of Ashenzari's Stars {rF+ MP+9, Elem, Comp} (curse)
HPRegen 5.25/turn    v - ring of the Unmoving One {AC+4, Elem, Cun} (curse)
MPRegen 0.35/turn

%: clarity
@: studying 2 skills
A: iridescent scales 1, large bone plates 1, low MP 1
}: 2/15 runes: serpentine, barnacled
a: Renounce Religion, Curse Item, Shatter the Chains


You were on level 4 of the Vaults.
You worshipped Ashenzari.
Ashenzari was extremely pleased with you.
You visited 8 branches of the dungeon, and saw 39 of its levels.
You visited the Abyss 2 times.
You also visited: Trove, Sewer, Bailey and Gauntlet.

You collected 5568 gold pieces.
You spent 3402 gold pieces at shops.

Inventory:

Hand Weapons
 l - the +8 long sword of Bankruptcy {freeze, rElec Str+2}
   (You took it off a gnoll on level 3 of the Dungeon)

   Str:       It affects your strength (+2).
   rElec:     It insulates you from electricity.
 n - the +4 shortbow of Zonian's Sudden Death {freeze, Int+3}
   (You bought it in a shop on level 5 of the Dungeon)

   Int:       It affects your intelligence (+3).
 t - a +4 heavy sling
 w - a +5 longbow of electrocution (weapon)
 D - a +3 spectral demon blade
 G - the +3 short sword "Kiuceewn" {flame, *Rage rF+++ Str+2 Dex+3}
   (You found it on level 4 of the Vaults)

   Str:       It affects your strength (+2).
   Dex:       It affects your dexterity (+3).
   rF:        It renders you almost immune to fire.
   *Rage:     It berserks you when you make melee attacks (+20% chance).
Missiles
 y - 18 poisoned darts
 K - 19 curare-tipped darts
 O - 2 throwing nets
 Z - 13 javelins
Armour
 d - the cursed scarf "Circumscribed With Me" (worn) {shadows, Bglg, Comp}
   (You found it on level 4 of the Snake Pit)

   It has a curse which improves the following skills: Beguiling: Conjurations,
   Hexes and Translocations.
   Companions: Summonings and Necromancy.
 k - the cursed +2 pair of boots of the Profound Loss (worn) {Melee, Fort}
   (You found it on level 4 of the Snake Pit)

   It has a curse which improves the following skills: Melee Combat: Short
   Blades, Long Blades, Axes, Maces & Flails, Polearms, Staves and Unarmed
   Combat.
   Fortitude: Armour and Shields.
 M - the cursed +1 robe of Vines (worn) {NoPotionHeal Regen++++, Cun, Range}
   (You found it on level 5 of the Lair of Beasts)

   NoPotionHeal: Its wearer cannot be healed by potions.
   Regen:     It increases your rate of health regeneration.
   It has a curse which improves the following skills: Cunning: Dodging and
   Stealth.
   Ranged Combat: Ranged Weapons and Throwing.
 R - the cursed +2 pair of gloves of the Eye in the Sky (worn) {Dex+3, Evo, Cun}
   (You bought it in a shop on level 1 of the Dungeon)

   It has a curse which improves the following skills: Evocations: Evocations.
   Cunning:   Dodging and Stealth.
 S - the cursed +0 helmet "Chained Together" (worn) {Regen+, Alch, Self}
   (You found it on level 4 of the Snake Pit)

   Regen:     It increases your rate of health regeneration.
   It has a curse which improves the following skills: Alchemy: Poison Magic and
   Transmutations.
   Introspection: Fighting and Spellcasting.
Jewellery
 s - the ring of Derul {Drain rF+ rC++ Str+5}
   (You found it on level 15 of the Dungeon)

   [ring of protection from fire]

   Str:       It affects your strength (+5).
   rF:        It protects you from fire.
   rC:        It greatly protects you from cold.
   Drain:     It drains your maximum health when unequipped.
 v - the cursed ring of the Unmoving One (right hand) {AC+4, Elem, Cun}
   (You found it on level 3 of the Dungeon)

   [ring of protection]

   AC:        It affects your AC (+4).
   It has a curse which improves the following skills: Elements: Fire Magic, Ice
   Magic, Air Magic and Earth Magic.
   Cunning:   Dodging and Stealth.
 x - the ring "Kibo" {Ice Will+ Dex+4}
   (You found it in a Gauntlet)

   [ring of ice]

   It enhances your ice magic.
   Dex:       It affects your dexterity (+4).
   rF:        It makes you vulnerable to fire.
   rC:        It protects you from cold.
   Will:      It increases your willpower.
 F - the cursed amulet of Supernal Understanding (around neck) {rC++ Regen+ Slay+3 Stlth+, Elem, Cun}
   (You acquired it on level 6 of the Dungeon)

   [amulet of regeneration]

   Slay:      It affects your accuracy & damage with ranged weapons and melee
   (+3).
   rC:        It greatly protects you from cold.
   Regen:     It increases your rate of health regeneration.
   Stlth:     It makes you more stealthy.
   It has a curse which improves the following skills: Elements: Fire Magic, Ice
   Magic, Air Magic and Earth Magic.
   Cunning:   Dodging and Stealth.
 H - the cursed ring of Ashenzari's Stars (left hand) {rF+ MP+9, Elem, Comp}
   (You acquired it on level 6 of the Dungeon)

   [ring of magical power]

   rF:        It protects you from fire.
   MP:        It affects your magic capacity (+9).
   It has a curse which improves the following skills: Elements: Fire Magic, Ice
   Magic, Air Magic and Earth Magic.
   Companions: Summonings and Necromancy.
Wands
 g - a wand of charming (18)
 m - a wand of mindburst (17)
 o - a wand of iceblast (20)
 u - a wand of flame (54)
 T - a wand of light (16)
 X - a wand of digging (6)
Scrolls
 e - a scroll of teleportation
 p - a scroll of brand weapon
 B - 2 scrolls of fear
 L - a scroll of silence
 N - 10 scrolls of fog
 Q - 3 scrolls of magic mapping
 W - 2 scrolls of summoning
Potions
 b - 2 potions of magic
 c - 3 potions of haste
 f - 6 potions of ambrosia
 j - 3 potions of cancellation
 q - 2 potions of berserk rage
 z - 20 potions of curing
 A - 3 potions of flight
 E - 5 potions of might
 P - 4 potions of brilliance
 Y - 6 potions of resistance
Miscellaneous
 h - a box of beasts
 i - a lightning rod (2/4)
 r - a phial of floods
 U - a phantom mirror


   Skills:
 + Level 18.5(20.4) Fighting
 - Level 6.1(8.2) Long Blades
 - Level 16.3(18.3) Ranged Weapons
 + Level 4.3(6.4) Armour
 - Level 15.0(20.0) Dodging
 - Level 8.0(13.0) Stealth
 - Level 22.3(24.1) Spellcasting
 - Level 7.9(10.1) Conjurations
 - Level 11.2(13.3) Hexes
 - Level 16.3(19.3) Summonings
 - Level 11.3(15.4) Fire Magic
 + Level 11.1(15.2) Ice Magic
 - Level 8.9(13.0) Air Magic
 + Level 7.5(9.8) Evocations


You had 4 spell levels left.
You knew the following spells:

 Your Spells              Type           Power      Damage    Failure   Level
a - Freeze                Ice            100%       1d10      0%          1
b - Frozen Ramparts       Ice            100%       1d16      0%          3
c - Ozocubu's Armour      Ice            87%        N/A       0%          3
d - Plasma Beam           Fire/Air       42%        2x1d62    1%          6
e - Ozocubu's Refrigerat  Ice            43%        4d17      1%          7
f - Inner Flame           Hex/Fire       85%        N/A       0%          3
g - Flame Wave            Conj/Fire      81%        2d18      1%          4
h - Sticky Flame          Conj/Fire      81%        2d9       1%          4
i - Summon Cactus Giant   Summ           48%        N/A       1%          6
j - Summon Lightning Spi  Summ/Air       90%        N/A       0%          4
k - Swiftness             Air            82%        N/A       0%          3
l - Airstrike             Air            41%        2d(6-22)  1%          4
m - Freezing Cloud        Conj/Ice/Air   40%        6-21      1%          5
n - Summon Hydra          Summ           48%        N/A       1%          7
o - Summon Forest         Summ/Tloc      36%        N/A       1%          5

Your spell library contained the following spells:

 Spells                   Type           Power      Damage    Failure   Level
 Shock                    Conj/Air       100%       1d9       0%          1
 Slow                     Hex            100%       N/A       0%          1
 Summon Small Mammal      Summ           100%       N/A       0%          1
 Call Imp                 Summ           100%       N/A       0%          2
 Ensorcelled Hibernation  Hex/Ice        100%       N/A       0%          2
 Scorch                   Fire           100%       2d9       0%          2
 Static Discharge         Conj/Air       100%       2-7/arc   0%          2
 Call Canine Familiar     Summ           97%        N/A       0%          3
 Confusing Touch          Hex            83%        N/A       0%          3
 Hailstorm                Conj/Ice       81%        3d16      0%          3
 Summon Guardian Golem    Hex/Summ       90%        N/A       0%          3
 Tukima's Dance           Hex            83%        N/A       0%          3
 Summon Ice Beast         Ice/Summ       92%        N/A       0%          4
 Apportation              Tloc           70%        N/A       1%          1
 Necrotise                Necr           100%       1d9       1%          1
 Sandblast                Erth           74%        2d16      1%          1
 Cigotuvi's Dreadful Rot  Necr/Pois/Air  100%       N/A       1%          2
 Lesser Beckoning         Tloc           70%        N/A       1%          2
 Momentum Strike          Conj/Tloc      100%       3d10      1%          2
 Passwall                 Tmut/Erth      30%        N/A       1%          2
 Poisonous Vapours        Pois/Air       100%       N/A       1%          2
 Wereblood                Tmut           35%        N/A       1%          2
 Dazzling Flash           Conj/Hex       100%       N/A       1%          3
 Ignite Poison            Fire/Tmut/Pois 59%        N/A       1%          3
 Mephitic Cloud           Conj/Pois/Air  67%        N/A       1%          3
 Portal Projectile        Hex/Tloc       100%       N/A       1%          3
 Stone Arrow              Conj/Erth      100%       3d13      1%          3
 Vhi's Electric Charge    Tloc/Air       100%       N/A       1%          3
 Anguish                  Hex/Necr       32%        N/A       1%          4
 Animate Armour           Summ/Erth      100%       N/A       1%          4
 Cause Fear               Hex            41%        N/A       1%          4
 Iskenderun's Mystic Bla  Conj/Tloc      58%        2d12      1%          4
 Leda's Liquefaction      Hex/Erth       32%        N/A       1%          4
 Gell's Gravitas          Tloc           35%        N/A       2%          3
 Teleport Other           Tloc           35%        N/A       2%          3
 Vampiric Draining        Necr           36%        2d8       2%          3
 Petrify                  Tmut/Erth      36%        N/A       8%          4
 Manifold Assault         Tloc           35%        N/A       9%          4
 Olgreb's Toxic Radiance  Pois           35%        N/A       9%          4
 Passage of Golubria      Tloc           35%        N/A       9%          4
 Fireball                 Conj/Fire      40%        3d16      1%          5
 Iskenderun's Battlesphe  Conj           74%        2d12      1%          5
 Metabolic Englaciation   Hex/Ice        42%        N/A       1%          5
 Silence                  Hex/Air        41%        N/A       1%          5
 Summon Mana Viper        Hex/Summ       90%        N/A       1%          5
 Yara's Violent Unravell  Hex/Tmut       32%        3d13      1%          5
 Spellforged Servitor     Conj/Summ      43%        N/A       1%          7
 Summon Horrible Things   Summ           48%        N/A       2%          8
 Irradiate                Conj/Tmut      29%        3d21      3%          5
 Enfeeble                 Hex            41%        N/A       3%          7
 Simulacrum               Ice/Necr       33%        N/A       6%          6
 Ignition                 Fire           44%        3d13      11%         8
 Malign Gateway           Summ/Tloc      36%        N/A       14%         7
 Iron Shot                Conj/Erth      29%        9d6       16%         6
 Borgnjor's Vile Clutch   Necr/Erth      18%        N/A       22%         5
 Alistair's Intoxication  Tmut/Pois      23%        N/A       24%         5
 Blade Hands              Tmut           17%        N/A       24%         5
 Discord                  Hex            41%        N/A       26%         8
 Storm Form               Tmut/Air       31%        N/A       45%         7
 Statue Form              Tmut/Erth      24%        N/A       77%         6
 Dispersal                Tloc           17%        N/A       78%         6
 Eringya's Noxious Bog    Tmut/Pois      17%        N/A       78%         6
 Polar Vortex             Ice            43%        N/A       88%         9
 Fire Storm               Conj/Fire      40%        8d10      99%         9
 Dragon Form              Tmut           17%        N/A       100%        7
 Disjunction              Tloc           17%        N/A       100%        8
 Lehudib's Crystal Spear  Conj/Erth      29%        10d8      100%        8
 Shatter                  Erth           18%        3d17*     100%        9


Dungeon Overview and Level Annotations

Branches:
Dungeon (15/15)            Temple (1/1) D:4            Lair (5/5) D:9
 Shoals (4/4) Lair:2        Snake (4/4) Lair:2        Slime (0/5) Lair:4
    Orc (2/2) D:9             Elf (3/3) Orc:2        Vaults (5/5) D:14
  Crypt (0/3) Vaults:2     Depths (0/4) D:15          Sewer (visited)
 Bailey (visited)         Gauntlet (visited)

Altars:
Ashenzari
Cheibriados
Dithmenos
Elyvilon
Fedhas
Gozag
Hepliaklqana
Kikubaaqudgha
Makhleb
Nemelex Xobeh
Okawaru
Qazlal
Ru
Sif Muna
Trog
Uskayaw
Vehumet
Wu Jian
Xom
Yredelemnul
Zin
The Shining One
Jiyva

Shops:
D:1 *[   D:5 *   D:10 *   D:15 [   Orc:2 !=![   Shoals:2 *   Snake:1 *
Snake:2 =:=   Vaults:1 *

Annotations:
D:4 1 runed translucent door, Crazy Yiuf
D:9 exclusion: oklob plant
Orc:2 1 runed translucent door, riellis1's ghost, journeyman MfGl
Elf:1 Roxanne
Vaults:4 2 transporters, mantisjm's ghost, veteran HOFi


Innate Abilities, Weirdness & Mutations

You are partially covered in iridescent scales. (AC +2)
You are partially covered in large bone plates. (SH +4)
Your magical capacity is low. (-10% MP)


Message History

Okay, then.
Casting: Plasma Beam (mildly dangerous; 1% risk of failure)
Confirm with . or Enter, or press ? or * to list all spells.
Okay, then.
Okay, then.
Okay, then.
Okay, then.
Unknown command.
Casting: Plasma Beam (mildly dangerous; 1% risk of failure)
Confirm with . or Enter, or press ? or * to list all spells.
Okay, then.
Casting: Plasma Beam (mildly dangerous; 1% risk of failure)
Confirm with . or Enter, or press ? or * to list all spells.
Okay, then.
Casting: Plasma Beam (mildly dangerous; 1% risk of failure)
Confirm with . or Enter, or press ? or * to list all spells.
Okay, then.
Throw: boomerang (disperse)
Press: ? - help, Shift-Dir - straight line, f/p - tentacled monstrosity
Aim: a tentacled monstrosity (heavily wounded, constricting you, berserk, 85% to hit)
You throw a boomerang of dispersal.
The boomerang of dispersal hits the tentacled monstrosity and shatters, but does no damage.
The tentacled monstrosity is heavily wounded.
The tentacled monstrosity completely misses you. x3
The tentacled monstrosity constricts you.
* * * LOW HITPOINT WARNING * * *
The tentacled monstrosity tentacle-slaps you.
* * * LOW HITPOINT WARNING * * *
The tentacled monstrosity misses you.
The tentacled monstrosity tentacle-slaps you.
* * * LOW HITPOINT WARNING * * *
The tentacled monstrosity constricts you.
* * * LOW HITPOINT WARNING * * *
You escape the tentacled monstrosity's grasp.
The tentacled monstrosity tentacle-slaps you.
* * * LOW HITPOINT WARNING * * *
The tentacled monstrosity tentacle-slaps you!
* * * LOW HITPOINT WARNING * * *
The tentacled monstrosity tentacle-slaps you.
You die...

#..########........ ###
#..#.....[#.....### #.#
#.!#......#.....#..
##.###..#......#.....#..
#...##..#......#.....#..
##...##..#..)...'.....#..
#.....'..#......#.....#..
#.!().#X.########.....#..
##.>)##.@.............#..
#..[##...............###
##.###............(.....
#.# #..................
### ######['###########
#..#### #.....# #.....#
#.##..#


You could see a tentacled monstrosity (berserk).

Vanquished Creatures
  Vashnia (Snake:4)
  Xtahua (Vaults:3)
  The ghost of Puzaheze the Spry, an adept TeCj of Vehumet (Snake:3)
  Zenata (Orc:2)
  Asterion (Snake:4)
  3 titans
  2 deep elf blademasters (Elf:3)
  2 deep elf master archers (Elf:3)
  2 sphinxes
  2 shadow dragons (Vaults:5)
  The ghost of Meoqees the Peltast, an adept MiFi of Okawaru (Shoals:1)
  3 tengu reavers
  A storm dragon (Vaults:4)
  Ilsuiw (Shoals:3)
  5 nagarajas
  4 deep elf sorcerers (Elf:3)
  4 orc warlords
  6 vault wardens
  A curse skull (Vaults:2)
  4 deep elf elementalists (Elf:3)
  8 very ugly things
  3 war gargoyles
  16 ironbound preservers
  4 ironbound thunderhulks
  2 stone giants
  6 deep elf demonologists
  A minotaur (Gauntlet)
  3 deep elf annihilators (Elf:3)
  9 dire elephants
  Snorg (Orc:1)
  3 deep elf death magi (Elf:3)
  6 merfolk javelineers
  5 ettins
  5 merfolk impalers
  3 crystal guardians
  4 great orbs of eyes
  A deep elf high priest (Elf:3)
  10 yaktaur captains
  8 hydras
  2 entropy weavers
  Fannar (Lair:1)
  3 peacekeepers
  A death knight (Vaults:2)
  6 salamander tyrants
  7 merfolk aquamancers
  2 ogre magi
  12 anacondas
  26 vault guards
  3 merfolk avatars
  Erica (D:10)
  2 catoblepae
  6 two-headed ogres
  21 dancing weapons
  7 ironbound frosthearts
  8 centaur warriors
  5 boulder beetles
  3 death yaks (Shoals:3)
  3 tengu warriors (D:15)
  4 satyrs
  11 naga warriors
  Urug (D:10)
  2 orc high priests (Orc:2)
  20 naga sharpshooters
  9 shock serpents
  A soul eater (Gauntlet)
  The ghost of ShellytheWitch the Skirmisher, a novice MiHu of Makhleb (D:7)
  Sonja (Orc:1)
  3 salamander mystics
  16 deep elf knights
  A wretched star (Abyss:3)
  2 shadow wraiths
  8 skysharks
  4 skeletal warriors
  2 phantasmal warriors (Vaults:4)
  Lodul (D:12)
  37 deep trolls
  11 sea snakes
  4 wizards
  11 lindwurms
  A harpy (shapeshifter) (D:15)
  26 deep elf zephyrmancers
  11 naga ritualists
  A glowing orange brain (shapeshifter) (Vaults:5)
  19 harpies
  12 deep elf archers
  25 deep elf pyromancers
  An oklob plant (Lair:5)
  9 mana vipers
  19 ironbound convokers
  17 manticores
  13 orc knights
  23 ugly things
  A human zombie (Vaults:4)
  5 necromancers
  5 orc sorcerers
  A salamander (shapeshifter) (Vaults:4)
  A stone giant skeleton (Vaults:2)
  17 fauns
  5 merfolk sirens
  6 cyclopes
  9 salamanders
  33 black mambas
  4 guardian serpents
  22 vault sentinels
  3 molten gargoyles (Lair:5)
  A frost giant skeleton (Vaults:4)
  A gargoyle (D:14)
  16 naga magi
  2 torpor snails (Lair:4)
  6 water nymphs
  Maggie (Lair:2)
  A nameless horror (D:13)
  15 cane toads
  15 yaktaurs
  An unseen horror (Abyss:3)
  An elf skeleton (Vaults:2)
  3 rime drakes
  Psyche (D:9)
  3 freezing wraiths
  16 komodo dragons
  An ancient zyme (Abyss:3)
  An efreet (D:13)
  28 merfolk
  2 polar bears
  8 trolls
  A troll (shapeshifter) (Vaults:4)
  4 wind drakes
  27 blink frogs
  A blink frog (shapeshifter) (D:14)
  14 dream sheep
  11 snapping turtles
  A fire giant simulacrum (Vaults:3)
  11 shadows
  A deep troll skeleton (Vaults:4)
  2 air elementals (Elf:3)
  27 slime creatures
  5 wyverns
  3 vampires
  2 wraiths
  5 basilisks
  2 fire elementals
  14 water elementals
  52 yaks
  A fire bat (shapeshifter) (Vaults:4)
  3 steam dragons
  Menkaure (D:4)
  7 wargs
  58 nagas
  A swamp worm (shapeshifter) (Vaults:2)
  An acid dragon (D:10)
  20 water moccasins
  4 hell hounds (Lair:5)
  28 orc warriors
  2 ice beasts
  3 sky beasts
  5 black bears
  15 ogres
  3 boggarts (D:14)
  10 wolves (Lair:1)
  5 centaurs
  2 kobold brigands
  9 bullfrogs
  A glowing shapeshifter simulacrum (Vaults:2)
  A gnoll sergeant (D:11)
  2 earth elementals
  5 scorpions
  15 wights
  15 killer bees
  8 howler monkeys
  13 electric eels
  A quasit (Abyss:3)
  7 lava snakes
  3 hounds
  19 orc priests
  2 gnoll boudas (D:5)
  3 jellies
  A sleepcap (D:4)
  6 hell rats (Lair:4)
  Ijyb (D:5)
  2 iguanas
  24 orc wizards
  23 gnolls
  7 adders
  4 shadow imps
  2 white imps
  An ufetubus (D:6)
  5 worms
  74 orcs
  5 endoplasms
  5 giant cockroaches
  10 goblins
  16 hobgoblins
  5 jackals
  2 quokkas
  13 ball pythons
  2 bats
  9 frilled lizards
  21 kobolds
  4 rats
1523 creatures vanquished.

Vanquished Creatures (collateral kills)
  A dread lich (Vaults:4)
  Bai Suzhen (Shoals:3)
  Nikola (Vaults:1)
  Polyphemus (Shoals:3)
  Kirke (Snake:2)
  The ghost of Xeiplesch the Severer, a journeyman MiFi of Gozag (Snake:3)
  Aizul (Snake:1)
  An orc warlord (Vaults:3)
  3 very ugly things (Vaults:1)
  A war gargoyle (Vaults:2)
  The ghost of Uvinaotu the Blocker, a journeyman MiFi of the Shining One (D:15)
  3 dire elephants (Vaults:1)
  2 crystal guardians
  A merfolk impaler (Shoals:4)
  A fire dragon (Lair:5)
  A yaktaur captain (Vaults:3)
  2 merfolk aquamancers (Shoals:4)
  2 salamander tyrants
  A vault guard (Vaults:3)
  A catoblepas (Shoals:2)
  A merfolk avatar (Shoals:4)
  A peacekeeper (Vaults:1)
  2 anacondas
  An alligator snapping turtle (Shoals:3)
  An orc high priest (Orc:2)
  5 dancing weapons (Elf:2)
  A shock serpent (Snake:3)
  6 deep elf knights
  A salamander mystic (Snake:3)
  A skeletal warrior (D:14)
  6 deep trolls
  A sea snake (Shoals:4)
  A deep elf archer (Elf:1)
  A wizard (Vaults:4)
  3 naga ritualists (Snake:4)
  A lindwurm (Lair:5)
  An orc knight (Vaults:3)
  2 deep elf pyromancers
  6 ugly things
  An orc sorcerer (Orc:2)
  5 deep elf zephyrmancers
  2 salamanders
  A cyclops (Shoals:3)
  A vault sentinel (Vaults:3)
  A cane toad (Lair:1)
  A yaktaur (Vaults:3)
  A merfolk (Shoals:4)
  A wind drake (shapeshifter) (D:14)
  A snapping turtle (Shoals:3)
  A large abomination (Abyss:3)
  2 slime creatures (Vaults:4)
  A yak (Lair:3)
  A wyvern (Lair:1)
  A basilisk (Lair:3)
  2 hogs (Snake:2)
  An acid dragon (D:13)
  3 nagas
  A wolf (Lair:1)
97 creatures vanquished.

Vanquished Creatures (others)
  A deep elf elementalist (Elf:3)
  A naga ritualist (Snake:4)
  A harpy (Vaults:1)
  A black mamba (Snake:2)
  A yaktaur (Vaults:1)
  A merfolk (Shoals:4)
  A water elemental (Elf:1)
  2 humans (Snake:2)
  A boggart (D:15)
  A lurking horror (Abyss:3)
  3 snaplasher vines
  2 spectral weapons
16 creatures vanquished.

Grand Total: 1636 creatures vanquished

Notes
Turn   | Place    | Note
-------+----------+-------------------------------------------
     0 | D:1      | Zonian the Deep Elf Ice Elementalist began the quest for
                  | the Orb.
     0 | D:1      | Reached XP level 1. HP: 10/10 MP: 6/6
   169 | D:1      | Found Jiof's Armour Shop.
   506 | D:1      | Reached XP level 2. HP: 15/15 MP: 5/8
   999 | D:1      | Found Faog's General Store.
  1273 | D:2      | Reached XP level 3. HP: 19/19 MP: 5/10
  1535 | D:2      | Found a faded altar of an unknown god.
  1610 | D:2      | Reached XP level 4. HP: 24/24 MP: 9/11
  1847 | D:2      | Learned a level 3 spell: Frozen Ramparts
  1851 | D:2      | Learned a level 3 spell: Ozocubu's Armour
  1964 | D:3      | Reached skill level 5 in Ice Magic
  2043 | D:3      | Reached skill level 4 in Spellcasting
  2090 | D:3      | Found a shimmering blue altar of Sif Muna.
  2870 | D:3      | Identified the +8 long sword of Bankruptcy {freeze, rElec
                  | Str+2}
  3015 | D:3      | Found an ornate altar of the Wu Jian Council.
  3032 | D:3      | Reached XP level 5. HP: 25/28 MP: 14/14
  3353 | D:4      | Noticed Menkaure
  3855 | D:4      | Reached skill level 5 in Spellcasting
  4182 | D:4      | Found a bloodstained altar of Trog.
  4224 | D:4      | Found a staircase to the Ecumenical Temple.
  4368 | D:4      | Reached XP level 6. HP: 26/32 MP: 16/16
  4427 | Temple   | Entered the Ecumenical Temple
  4599 | D:4      | Killed Menkaure
  4600 | D:4      | Reached skill level 6 in Spellcasting
  4829 | D:4      | Found a runed translucent door.
  4830 | D:4      | Noticed Crazy Yiuf
  4984 | D:4      | Found a broken altar of Ashenzari.
  4992 | D:4      | Became a worshipper of Ashenzari the Shackled
  5027 | D:4      | Reached XP level 7. HP: 36/36 MP: 15/19
  5405 | D:5      | Entered Level 5 of the Dungeon
  5405 | D:5      | Found Gacyh's Assorted Antiques.
  5412 | D:5      | Reached skill level 7 in Spellcasting
  5413 | D:5      | Bought a fine shortbow for 184 gold pieces
  5413 | D:5      | Identified the +4 shortbow of Zonian's Sudden Death
                  | {freeze, Int+3} (You bought it in a shop on level 5 of the
                  | Dungeon)
  6006 | D:5      | Found a basalt altar of Yredelemnul.
  6007 | D:5      | Found a shadowy altar of Dithmenos.
  6027 | D:5      | Noticed Ijyb
  6122 | D:5      | Killed Ijyb
  6123 | D:5      | Reached skill level 8 in Spellcasting
  6288 | D:5      | Reached skill level 1 in Ranged Weapons
  6545 | D:5      | Found a glowing golden altar of the Shining One.
  6600 | D:5      | Reached XP level 8. HP: 3/41 MP: 16/22
  6771 | D:6      | Found a glowing drain.
  6790 | Sewer    | Entered a sewer
  7272 | D:6      | Identified 2 scrolls of acquirement
  7274 | D:6      | Acquired the ring of Jenat {rF+ MP+9}
  7276 | D:6      | Acquired the amulet of Ozoaci {rC++ Regen+ Slay+3 Stlth+}
  7546 | D:6      | Reached skill level 5 in Ranged Weapons
  7622 | D:6      | Reached * piety under Ashenzari
  7806 | D:6      | Found a sparkling altar of Nemelex Xobeh.
  8017 | D:7      | Found a radiant altar of Vehumet.
  8135 | D:7      | Reached XP level 9. HP: 45/45 MP: 19/23
  8175 | D:7      | Reached skill level 10 in Ranged Weapons
  8256 | D:7      | Noticed a two-headed ogre
  8263 | D:7      | Killed a two-headed ogre
  8291 | D:7      | Reached ** piety under Ashenzari
  8408 | D:7      | Found a transporter.
  8413 | D:7      | Found a transporter.
  8414 | D:7      | Noticed ShellytheWitch's ghost (novice MiHu)
  8781 | D:8      | Noticed a two-headed ogre
  8788 | D:8      | Killed a two-headed ogre
  8789 | D:8      | Reached XP level 10. HP: 35/50 MP: 18/24
  8900 | D:8      | Found a white marble altar of Elyvilon.
  9074 | D:8      | Reached skill level 15 in Ranged Weapons
  9136 | D:8      | Found an opulent altar of Gozag.
  9639 | D:9      | Reached *** piety under Ashenzari
  9740 | D:9      | Learned a level 4 spell: Summon Ice Beast
  9746 | D:9      | Noticed a two-headed ogre
  9755 | D:9      | Killed a two-headed ogre
  9912 | D:9      | Reached skill level 5 in Summonings
  9980 | D:9      | Found a staircase to the Orcish Mines.
 10126 | D:9      | Reached XP level 11. HP: 54/54 MP: 25/25
 10140 | D:9      | Found a staircase to the Lair.
 10168 | D:9      | Noticed Psyche
 10173 | D:9      | Killed Psyche
 10240 | D:9      | Reached **** piety under Ashenzari
 10338 | D:9      | Found a blossoming altar of Fedhas.
 10356 | D:9      | Noticed an oklob plant
 10437 | Lair:1   | Entered Level 1 of the Lair of Beasts
 10558 | Lair:1   | Noticed Fannar
 10661 | Lair:1   | Killed Fannar
 10781 | Lair:1   | Reached skill level 10 in Summonings
 11396 | Lair:2   | Learned a level 3 spell: Call Canine Familiar
 11431 | Lair:2   | Reached skill level 9 in Spellcasting
 11515 | Lair:2   | Reached skill level 10 in Spellcasting
 11522 | Lair:2   | Found a staircase to the Snake Pit.
 11683 | Lair:2   | Reached skill level 11 in Spellcasting
 11690 | Lair:2   | Reached XP level 12. HP: 59/59 MP: 25/29
 11753 | Lair:2   | Learned a level 3 spell: Inner Flame
 11771 | Lair:2   | Noticed a four-headed hydra
 11779 | Lair:2   | Killed a four-headed hydra
 11780 | Lair:2   | Reached skill level 12 in Spellcasting
 11780 | Lair:2   | Reached skill level 1 in Hexes
 11780 | Lair:2   | Reached skill level 1 in Fire Magic
 11847 | Lair:2   | Reached skill level 1 in Fighting
 11871 | Lair:2   | Found a staircase to the Shoals.
 12006 | Lair:2   | Noticed Maggie
 12016 | Lair:2   | Killed Maggie
 12804 | D:1      | Bought a +2 pair of gloves of dexterity for 279 gold pieces
 13128 | Lair:2   | Noticed a four-headed hydra
 13137 | Lair:2   | Killed a four-headed hydra
 13496 | Lair:3   | Reached skill level 5 in Hexes
 13538 | Lair:3   | Reached skill level 13 in Spellcasting
 13701 | Lair:3   | Noticed a seven-headed hydra
 13730 | Lair:3   | Learned a level 4 spell: Flame Wave
 13750 | Lair:3   | Killed a seven-headed hydra
 13751 | Lair:3   | Reached skill level 1 in Conjurations
 13798 | Lair:3   | Noticed a five-headed hydra
 13810 | Lair:3   | Killed a five-headed hydra
 13811 | Lair:3   | Reached skill level 5 in Fire Magic
 14372 | Lair:3   | Reached XP level 13. HP: 70/70 MP: 28/32
 14800 | Lair:4   | Found a staircase to the Slime Pits.
 14800 | Lair:4   | Found a viscous altar of Jiyva.
 15693 | Lair:4   | Reached skill level 5 in Fighting
 16120 | D:1      | Bought a scroll of blinking for 97 gold pieces
 16256 | D:5      | Bought a potion of heal wounds for 115 gold pieces
 16638 | Lair:4   | Learned a level 4 spell: Sticky Flame
 16851 | Lair:5   | Entered Level 5 of the Lair of Beasts
 16868 | Lair:4   | Reached skill level 5 in Conjurations
 16997 | Lair:5   | Found the +1 robe of Vines {NoPotionHeal Regen++++}
 17407 | Lair:5   | Reached XP level 14. HP: 70/80 MP: 29/33
 17509 | Lair:5   | Reached skill level 10 in Hexes
 17886 | Lair:5   | Learned a level 6 spell: Summon Cactus Giant
 17917 | Lair:5   | Found a large runed translucent door.
 17918 | Lair:5   | Found a large runed translucent door.
 18822 | D:10     | Entered Level 10 of the Dungeon
 18957 | D:10     | Noticed Urug
 18966 | D:10     | Killed Urug
 18973 | D:10     | Found Otihi's Overcharged Wands.
 19005 | D:10     | Noticed Erica
 19010 | D:10     | Killed Erica
 19044 | D:10     | Found a flagged portal.
 19054 | Bailey   | Entered a bailey
 19067 | Bailey   | Noticed an orc warlord
 19138 | Bailey   | Found a runed translucent gate.
 19139 | Bailey   | Found a runed translucent gate.
 19149 | Bailey   | Found a runed translucent gate.
 19246 | Bailey   | Killed an orc warlord
 19262 | Bailey   | Reached XP level 15. HP: 89/89 MP: 21/34
 20378 | D:11     | Found a gate leading to a gauntlet.
 20393 | Gauntlet | Entered a Gauntlet
 20393 | Gauntlet | Found a transporter.
 20393 | Gauntlet | Found a transporter.
 20406 | Gauntlet | Found a transporter.
 20410 | Gauntlet | Found a transporter.
 20418 | Gauntlet | Found a transporter.
 20662 | Gauntlet | Found a transporter.
 20662 | Gauntlet | Found a transporter.
 20679 | Gauntlet | Found a transporter.
 20679 | Gauntlet | Found a transporter.
 20701 | Gauntlet | Found a transporter.
 20712 | Gauntlet | Identified the +3 falchion of Traps {heavy, Drain rN+++
                  | Dex-3 Stlth+}
 20713 | Gauntlet | Identified the ring "Kibo" {Ice Will+ Dex+4}
 20747 | Gauntlet | Found a runed translucent door.
 20749 | Gauntlet | Found a transporter.
 20787 | Gauntlet | Found a transporter.
 20906 | Gauntlet | Identified the ring "Boazot" {*Slow Fly rElec MP+9}
 20933 | Gauntlet | Identified the +8 mace of Gluttony {speed, *Noise Fly rC++
                  | rCorr}
 21567 | D:11     | Learned a level 4 spell: Summon Lightning Spire
 21810 | D:12     | Noticed Lodul
 21822 | D:12     | Killed Lodul
 21823 | D:12     | Reached skill level 1 in Air Magic
 23125 | D:13     | Found a broken altar of Ashenzari.
 23645 | D:13     | Found a portal to a secret trove of treasure.
 24203 | D:14     | Reached skill level 10 in Fire Magic
 25382 | D:14     | Identified the +1 dagger "Reybye" {holy, rPois rN++}
 25969 | D:14     | Found a gate to the Vaults.
 26119 | D:15     | Entered Level 15 of the Dungeon
 26353 | D:15     | Learned a level 3 spell: Swiftness
 26611 | D:15     | Reached XP level 16. HP: 71/96 MP: 29/35
 26822 | D:15     | Learned a level 4 spell: Airstrike
 26898 | D:15     | Found Olyxzaim's Armour Boutique.
 27008 | D:15     | Found a runed translucent door.
 27008 | D:15     | Noticed Uvinaotu's ghost (journeyman MiFi)
 27008 | D:15     | Identified the ring of Derul {Drain rF+ rC++ Str+5}
 27022 | D:15     | Killed Uvinaotu's ghost
 27108 | D:15     | Found a staircase to the Depths.
 27416 | D:15     | Reached skill level 5 in Air Magic
 27908 | Orc:1    | Entered Level 1 of the Orcish Mines
 28273 | Orc:1    | Noticed Sonja
 28276 | Orc:1    | Killed Sonja
 28551 | Orc:2    | Entered Level 2 of the Orcish Mines
 28806 | Orc:2    | Noticed Snorg
 29020 | Orc:1    | Killed Snorg
 29062 | Orc:2    | Paralysed by an orc sorcerer for 3 turns
 29194 | Orc:1    | Reached skill level 10 in Fighting
 29369 | Orc:2    | Found a staircase to the Elven Halls.
 30107 | Orc:2    | Reached skill level 14 in Spellcasting
 30243 | Orc:2    | Found a runed translucent door.
 30681 | Orc:2    | Reached skill level 1 in Evocations
 30997 | Orc:2    | Found Wazxam's Distillery.
 30997 | Orc:2    | Found Itusoguy's Antique Armour Shop.
 30999 | Orc:2    | Found Keuforr's Jewellery Shop.
 30999 | Orc:2    | Found Kuri's Distillery.
 31010 | Orc:2    | Bought a potion of heal wounds for 85 gold pieces
 31010 | Orc:2    | Bought a potion of curing for 51 gold pieces
 31012 | Orc:2    | Bought a potion of haste for 160 gold pieces
 31012 | Orc:2    | Bought a potion of curing for 48 gold pieces
 31012 | Orc:2    | Bought 2 potions of magic for 256 gold pieces
 31012 | Orc:2    | Bought a potion of resistance for 160 gold pieces
 31012 | Orc:2    | Bought a potion of curing for 48 gold pieces
 31232 | Orc:2    | Noticed riellis1's ghost (journeyman MfGl)
 32589 | Orc:1    | Reached skill level 5 in Dodging
 32844 | Orc:1    | Gained mutation: Your magical capacity is low. (-10% MP)
                  | [potion of mutation]
 32844 | Orc:1    | Gained mutation: You are partially covered in iridescent
                  | scales. (AC +2) [potion of mutation]
 32844 | Orc:1    | Gained mutation: You are partially covered in large bone
                  | plates. (SH +4) [potion of mutation]
 33321 | Snake:1  | Entered Level 1 of the Snake Pit
 34247 | Snake:1  | Found a glowing golden altar of the Shining One.
 34273 | Snake:1  | Found Alanwao's Assorted Antiques.
 34281 | Snake:1  | Bought a scroll labelled MIEJE WUOTO for 40 gold pieces
 34281 | Snake:1  | Bought a golden ring for 200 gold pieces
 34281 | Snake:1  | Bought a scroll of teleportation for 120 gold pieces
 34368 | Snake:1  | Reached skill level 5 in Stealth
 35106 | Snake:1  | Noticed Aizul
 35169 | Snake:1  | Killed Aizul
 37015 | Snake:2  | Noticed Kirke
 37029 | Snake:2  | Killed Kirke
 37364 | Snake:2  | Found Reanao's Jewellery Boutique.
 37370 | Snake:2  | Found Unetoicu's Book Shoppe.
 37372 | Snake:2  | Found Jaugruc's Jewellery Boutique.
 37607 | Snake:2  | Reached XP level 17. HP: 101/103 MP: 24/34
 38421 | Snake:2  | Reached skill level 15 in Spellcasting
 38454 | Snake:2  | Found a broken altar of Ashenzari.
 39749 | Snake:3  | Reached skill level 5 in Evocations
 40154 | Snake:3  | Reached skill level 1 in Long Blades
 41311 | Snake:3  | Found a runed translucent gate.
 41312 | Snake:3  | Found a runed translucent gate.
 41313 | Snake:3  | Found a runed translucent gate.
 41315 | Snake:3  | Noticed Xeiplesch's ghost (journeyman MiFi)
 41315 | Snake:3  | Noticed Puzaheze's ghost (adept TeCj)
 41784 | D:7      | Killed ShellytheWitch's ghost
 43653 | Snake:3  | Killed Xeiplesch's ghost
 43719 | Snake:3  | Killed Puzaheze's ghost
 44099 | Snake:4  | Entered Level 4 of the Snake Pit
 44637 | D:1      | Bought the +18 shield of the Gong {Loud rN+ Will+ rCorr
                  | EV-5} for 1150 gold pieces
 44637 | D:1      | Found the +18 shield of the Gong {Loud rN+ Will+ rCorr
                  | EV-5}
 44993 | D:13     | You paid a toll of the shield of the Gong to enter a
                  | treasure trove
 44994 | Trove    | Entered a treasure trove
 45000 | Trove    | Identified the Elucidation of the Queen Bee and Lightning
 45000 | Trove    | Identified Isadgh's Treatise on Entranced Impulse
 45001 | Trove    | Identified Uruw's Catalogue of Transfiguration
 45001 | Trove    | Identified Muso's Tractate on the Brume
 45005 | Trove    | Identified the Lessons on Assistive Tephra
 45028 | Trove    | Identified Sif Muna's Almanac of the Beguiling Shot
 45049 | Trove    | Identified Sif Muna's Lectures on the Summoned Wendigo
 45051 | Trove    | Identified Sif Muna's Cyclopedia of Creation
 46516 | Snake:4  | Found a glowing golden altar of the Shining One.
 47405 | Snake:4  | Noticed Asterion
 47415 | Snake:4  | Killed Asterion
 47775 | Snake:4  | Noticed Vashnia
 48085 | Snake:4  | Reached skill level 10 in Dodging
 48564 | Snake:4  | Reached skill level 5 in Long Blades
 49252 | Snake:4  | Got a serpentine rune of Zot
 50709 | Snake:4  | Reached XP level 18. HP: 47/112 MP: 26/35
 51023 | Snake:4  | Killed Vashnia
 51414 | Snake:4  | Identified the Book of Bewitchment and Destruction
 51422 | Snake:4  | Identified the +0 helmet of Supple Strength {Regen+}
 51433 | Snake:4  | Reached skill level 16 in Spellcasting
 52258 | Shoals:1 | Entered Level 1 of the Shoals
 52666 | Shoals:1 | Found a large runed translucent door.
 52666 | Shoals:1 | Found a large runed translucent door.
 52668 | Shoals:1 | Noticed Meoqees's ghost (adept MiFi)
 52752 | Shoals:1 | Killed Meoqees's ghost
 54320 | Shoals:2 | Found Voresmel's Island Escapes.
 54363 | Shoals:2 | Reached skill level 17 in Spellcasting
 54371 | Shoals:2 | Bought a scroll of fog for 44 gold pieces
 54371 | Shoals:2 | Bought a scroll of blinking for 82 gold pieces
 54371 | Shoals:2 | Bought a potion of invisibility for 88 gold pieces
 54549 | Shoals:2 | Identified the +4 ring mail of Theory {rElec Will- SInv}
 55541 | Shoals:3 | Noticed Bai Suzhen
 55542 | Shoals:3 | Reached ***** piety under Ashenzari
 55551 | Shoals:3 | Learned a level 5 spell: Freezing Cloud
 55559 | Shoals:3 | Learned a level 7 spell: Summon Hydra
 55603 | Shoals:3 | Killed Bai Suzhen
 55684 | Shoals:3 | Noticed Ilsuiw
 56020 | Shoals:3 | Killed Ilsuiw
 56607 | Shoals:3 | Noticed Polyphemus
 56628 | Shoals:3 | Killed Polyphemus
 56777 | Shoals:4 | Entered Level 4 of the Shoals
 57365 | Shoals:4 | HP: 5/120 [merfolk impaler/+4 vampiric trident (15)]
 57934 | Shoals:4 | Reached XP level 19. HP: 86/126 MP: 40/40
 58296 | Shoals:4 | Reached skill level 18 in Spellcasting
 59025 | Shoals:4 | Got a barnacled rune of Zot
 59124 | Shoals:4 | Identified the Reference Book on Spectral Illusion
 59514 | Elf:1    | Entered Level 1 of the Elven Halls
 59517 | Elf:1    | Noticed Zenata
 59968 | Orc:2    | Killed Zenata
 60351 | Elf:1    | Reached skill level 15 in Fighting
 60413 | Elf:1    | Noticed Roxanne
 64205 | Elf:2    | Found a runed translucent gate.
 64206 | Elf:2    | Found a runed translucent gate.
 64206 | Elf:2    | Found a runed translucent gate.
 64287 | Elf:3    | Entered Level 3 of the Elven Halls
 64297 | Elf:3    | Reached skill level 19 in Spellcasting
 64504 | Elf:3    | Learned a level 5 spell: Summon Forest
 65602 | Elf:3    | Reached skill level 15 in Summonings
 65943 | Elf:3    | Reached skill level 1 in Armour
 66473 | Abyss:3  | Cast into level 3 of the Abyss (a deep elf demonologist)
 66809 | Abyss:4  | Found a corrupted altar of Lugonu.
 66829 | Elf:3    | Escaped the Abyss
 67024 | Elf:3    | Paralysed by an air elemental for 1 turns
 67030 | Elf:3    | Paralysed by an air elemental for 1 turns
 67153 | Elf:3    | Identified the +8 rapier "Nol Ess" {heavy, rElec rF+++
                  | Will- rCorr}
 67159 | Elf:3    | Reached XP level 20. HP: 136/136 MP: 32/42
 67297 | Elf:3    | Identified the +0 battleaxe of the Tentacled God {heavy,
                  | rElec Stlth+}
 67314 | Elf:3    | Identified the +4 war axe "Diseusche" {drain, Dex+3}
 67687 | Abyss:4  | Cast into level 4 of the Abyss (a deep elf sorcerer)
 67768 | Elf:3    | Escaped the Abyss
 68023 | Elf:3    | Identified the Exposition on the Swarm and the Jaunt
 68068 | Elf:3    | Identified the Volume of Turbulence and the Wendigo
 68072 | Elf:3    | Identified the staff of earth "Gotu" {rN+}
 68074 | Elf:3    | Identified the Anthology of Violence
 68087 | Elf:3    | Identified Hunejimi's Codex of the Numb Panacea
 68565 | Vaults:1 | Entered Level 1 of the Vaults
 68581 | Vaults:1 | Noticed Nikola
 68601 | Vaults:1 | Killed Nikola
 68824 | Vaults:1 | Found Atsuxtaz's General Store.
 70238 | Elf:2    | Reached skill level 20 in Spellcasting
 70577 | Elf:1    | Identified the ring of Rationality {rF+ rC- Str+4 Dex+6
                  | Stlth+}
 70934 | Elf:1    | Learned a level 6 spell: Plasma Beam
 71326 | Vaults:1 | Bought a scroll of fear for 68 gold pieces
 74548 | Vaults:1 | Bought a scroll of enchant weapon for 127 gold pieces
 74990 | Vaults:2 | Reached skill level 21 in Spellcasting
 76274 | Vaults:2 | Reached XP level 21. HP: 143/143 MP: 44/44
 76430 | Vaults:2 | Identified the ring of Niepust {+Blink Fly Str-5 Int+6
                  | SInv}
 76969 | Vaults:2 | Found a staircase to the Crypt.
 79663 | Vaults:3 | Paralysed by a great orb of eyes for 5 turns
 80061 | Vaults:3 | Noticed Xtahua
 80074 | Vaults:3 | Killed Xtahua
 80263 | Vaults:3 | Learned a level 7 spell: Ozocubu's Refrigeration
 80292 | Vaults:3 | Reached skill level 22 in Spellcasting
 81789 | Vaults:4 | Noticed a dread lich
 81794 | Vaults:4 | Found a transporter.
 81795 | Vaults:4 | Noticed mantisjm's ghost (veteran HOFi)
 81851 | Vaults:4 | Found a transporter.
 82369 | Vaults:4 | Identified the Almanac of Poison and Teratogeny
 82648 | Vaults:4 | Reached XP level 22. HP: 145/152 MP: 47/47
 82678 | Vaults:4 | Identified the +9 quarterstaff of Sufysoat {antimagic,
                  | rPois rF+ rC+ Int-3 Dex+3}
 82678 | Vaults:4 | Identified the +3 short sword "Kiuceewn" {flame, *Rage
                  | rF+++ Str+2 Dex+3}
 83005 | Vaults:4 | Reached skill level 10 in Ice Magic
 84073 | Vaults:5 | Entered Level 5 of the Vaults
 84080 | Vaults:5 | Reached skill level 15 in Dodging
 84437 | Vaults:5 | Noticed an ancient lich
 84550 | Vaults:5 | Identified the +8 morningstar of Extremism {holy, Fly rC-
                  | rN+ Str+2}
 85696 | Vaults:4 | Killed a dread lich
 86522 | Vaults:4 | HP: 2/153 [tentacled monstrosity (16)]
 86522 | Vaults:4 | Slain by a tentacled monstrosity

Illustrated notes

Levels and vault maps discovered:
D:1:      lightli_arrival_chessboard, layout_basic, serial_shops,
          nicolae_diamond_shop, shop, nicolae_hexahallways, skrybe_limestone_x,
          hex_large, minmay_hedge_maze
D:2:      layout_basic, nicolae_ecumenical_oubliette
D:3:      layout_loops_ring, mainiacjoe_overflow_six_doors_small,
          nicolae_wu_jian_wuxing_cycle, serial_glass, glass_columns_c,
          glass_columns_a, item_on_display_a, kennysheep_minor_cross,
          nicolae_wormholes
D:4:      layout_loops_cross, kennysheep_little_box,
          mainiacjoe_overflow_alcove_4, minmay_temple_entry_trees,
          uniq_menkaure, uniq_crazy_yiuf_cottage
D:5:      layout_rooms, gammafunk_temple_overflow_forgotten, serial_shops,
          nicolae_stop_n_shop_2, serial_curves, eino_curves_03, eino_curves_03,
          uniq_ijyb
D:6:      layout_cave_pools, nemelex_dance_club_becter,
          cheibrodos_sewer_entry_drain
D:7:      layout_loops_ring, mainiacjoe_overflow_small_starburst,
          gammafunk_ghost_hive, kennysheep_small_square
D:8:      layout_basic, mainiacjoe_overflow_alcove_1,
          nicolae_gozag_cash_rules_everything_around_me
D:9:      layout_long_grid, tgw_fedhas, due_lair_maze_entry_diamond, erik_orc_2,
          uniq_psyche
D:10:     layout_loops_ring, enter_bailey_2, kennysheep_flooded_box,
          nicolae_shop_overcharged_wands, uniq_erica, uniq_urug
D:11:     layout_roguey, gauntlet_entry_generic
D:12:     layout_basic, uniq_lodul
D:13:     layout_loops_cross, trove_entry_hex_spiral,
          chequers_serial_rivers_micro_a, ashenzari_altar_1
D:14:     layout_layer_cave, david_vaults_4, minmay_stone_trees_medium,
          chequers_serial_rivers_micro_d, serial_bayou_pond_e
D:15:     grunt_enter_depths_snipers, layout_cave_pools, minmay_misc_feat_alley,
          serial_shops, shop, serial_bayou, serial_bayou_pond_d,
          serial_bayou_lagoon_a, serial_bayou_pond_b, serial_bayou_pond_a,
          gammafunk_ghost_grave, chequers_serial_rivers_micro_e,
          chequers_serial_rivers_micro_b
Temple:   zaba_magenta_temple
Lair:1:   statuecave_lemuel, layout_regular_city, beast_lair_carwin_2,
          uniq_fannar
Lair:2:   layout_cave_pods, nicolae_shoals_entry_roost,
          minmay_snake_entry_guardpost_medium, nicolae_lair_liquid_snakes,
          uniq_maggie
Lair:3:   layout_roguey, serial_bayou_shore_b, grunt_megastairs_2
Lair:4:   layout_loops_ring, minmay_slime_entry_pillars
Lair:5:   cheibrodos_lair_end_hotspot, layout_big_grid,
          hellmonk_guarded_unrand_vines
Shoals:1: layout_shoals, ebering_ghost_disaster_area
Shoals:2: nzn_motion_control, layout_shoals, nicolae_island_escapes
Shoals:3: layout_shoals, overgrown_hall, uniq_ilsuiw, uniq_polyphemus,
          uniq_bai_suzhen
Shoals:4: shoals_end_simple, layout_shoals, shoals_ilsuiw_ice
Snake:1:  layout_onion_interference, basic_altar, corexii_hall_statues_x,
          grunt_ministairs_8, nicolae_snake_omega, minmay_shop_star, uniq_aizul
Snake:2:  layout_gridlike, basic_altar, lemuel_fruit_tree, serial_bayou_shore_a,
          minmay_shop_grove, uniq_kirke
Snake:3:  layout_onion_interference, gammafunk_ghost_cemetery,
          hangedman_corner_corridor, grunt_megastairs_3
Snake:4:  minmay_snake_end_coiled, layout_onion, basic_altar, drop_trap,
          nicolae_snake_naga_rites, uniq_vashnia, uniq_asterion
Orc:1:    layout_caves, uniq_sonja
Orc:2:    grunt_orc_tribal_feast, layout_caves, ebering_ghost_reflecting_pool,
          uniq_snorg
Elf:1:    eino_elf_arrival_sip, layout_gridlike, evilmike_minifort, uniq_zenata,
          uniq_roxanne
Elf:2:    nicolae_elf_blades_crystal_corner, layout_geoelf_octagon
Elf:3:    elf_hall, layout_gridlike
Vaults:1: hangedman_vaults_snaps, nicolae_vaults_storage_closets_2,
          nicolae_vaults_closet_pinwheel_4, nicolae_vaults_network_star,
          vaults_room_pools, v_rooms_3, nicolae_vaults_cochlea, v_misc_1,
          layout_vaults_ring, serial_shops, nicolae_shop_tiny_glass, uniq_nikola
Vaults:2: vaults_room_octagon, hangedman_vaults_cutoff, nicolae_vaults_alarming,
          nicolae_vaults_heart-shaped_vault, minmay_crypt_entry_simple_corners,
          nicolae_vaults_asterisk, nicolae_vaults_surprise_closet,
          nicolae_vaults_trapezoid_lopsided_1, nicolae_vaults_murder_corner,
          nicolae_vaults_variable_pillar_hall, nicolae_vaults_rhombus_5,
          hangedman_vaults_cutoff, nicolae_vaults_house_2,
          nicolae_vaults_door_testing_chamber, ontoclasm_vaults_fault,
          layout_vaults_big_room
Vaults:3: nicolae_vaults_tetromino_L_1, nicolae_vaults_shrinking_rooms_1,
          v_misc_9, nicolae_vaults_big_angled_halls, nicolae_vaults_rhombus_5,
          nicolae_vaults_cornered_office, vaults_standard_mumra_lines,
          serial_ice_g, nicolae_vaults_storage_closets_1,
          vaults_mumra_minichess_inversion, v_misc_25,
          nicolae_vaults_angled_halls, nicolae_vaults_oval_intersection,
          nicolae_vaults_offset_grid_hallway_4, layout_vaults_maze_bifur,
          uniq_xtahua
Vaults:4: gammafunk_ghost_mausoleum, ontoclasm_vaults_spin,
          nicolae_vaults_sealed_display, v_misc_29, nicolae_vaults_mush_room,
          vaults_dpeg_hooks, nicolae_vaults_network_s,
          ontoclasm_vaults_ring_square, nicolae_vaults_diamond_2,
          nicolae_vaults_house_1, nicolae_vaults_tetromino_Z_1,
          nicolae_vaults_three_branches, layout_vaults_omnibox
Vaults:5

Skill      XL: |  1  2  3  4  5  6  7  8  9 10 11 12 13 14 15 16 17 18 19 20 21 22 |
---------------+-------------------------------------------------------------------+-----
Stealth        | 3 6 8 |  8.0
Dodging        | 3 8 10 12 13 14 15 | 15.0
Ice Magic      | 5 6 8 9 11 | 11.1
Spellcasting   | 4 5 6 8 11 13 14 15 17 19 21 22 | 22.3
Ranged Weapons | 1 9 14 16 | 16.3
Summonings     | 7 11 12 13 14 15 16 | 16.3
Hexes          | 6 9 10 11 | 11.2
Fire Magic     | 5 8 10 11 | 11.3
Fighting       | 4 6 8 9 10 12 14 16 17 18 | 18.5
Conjurations   | 2 6 7 |  7.9
Air Magic      | 4 5 6 8 |  8.9
Evocations     | 4 5 7 |  7.5
Long Blades    | 5 6 |  6.1
Armour         | 1 2 4 |  4.3

Action                     |  1- 3 |  4- 6 |  7- 9 | 10-12 | 13-15 | 16-18 | 19-21 | 22-24 || total
---------------------------+-------+-------+-------+-------+-------+-------+-------+-------++-------
  Melee: Short sword       |       |    12 |       |       |    12 |       |       |       ||    24
         Long sword        |       |    34 |    34 |     7 |    10 |    28 |   147 |     9 ||   269
         Punch             |       |     1 |     1 |       |       |     2 |     7 |       ||    11
         Rapier            |       |       |       |       |       |     8 |       |       ||     8
         Demon blade       |       |       |       |       |       |     2 |    66 |     1 ||    69
   Fire: Shortbow          |       |       |   195 |   590 |  1036 |  1959 |   956 |       ||  4736
         Sling             |       |       |       |       |       |    15 |       |       ||    15
         Longbow           |       |       |       |       |       |       |   822 |   120 ||   942
  Throw: Dart              |       |     5 |       |       |     1 |     3 |     3 |       ||    12
         Throwing net      |       |       |       |       |       |     2 |     3 |       ||     5
         Boomerang         |       |       |       |       |       |       |       |     1 ||     1
   Cast: Freeze            |    52 |    27 |     3 |     9 |     2 |     2 |       |       ||    95
         Frozen Ramparts   |       |     6 |    11 |    19 |    36 |    44 |    19 |     1 ||   136
         Ozocubu's Armour  |       |       |     5 |    13 |    24 |    23 |    16 |     1 ||    82
         Summon Ice Beast  |       |       |       |     6 |    22 |    15 |     1 |       ||    44
         Inner Flame       |       |       |       |     4 |     7 |    10 |     1 |     1 ||    23
         Call Canine Famil |       |       |       |     3 |     3 |     7 |       |       ||    13
         Summon Cactus Gia |       |       |       |       |     7 |    32 |    10 |     1 ||    50
         Summon Lightning  |       |       |       |       |     6 |    15 |     2 |       ||    23
         Flame Wave        |       |       |       |       |     4 |    39 |    18 |     3 ||    64
         Airstrike         |       |       |       |       |       |    96 |    25 |     2 ||   123
         Swiftness         |       |       |       |       |       |    14 |     5 |       ||    19
         Sticky Flame      |       |       |       |       |       |     1 |     2 |       ||     3
         Summon Hydra      |       |       |       |       |       |     5 |    25 |     2 ||    32
         Freezing Cloud    |       |       |       |       |       |     4 |    35 |     1 ||    40
         Summon Forest     |       |       |       |       |       |       |    15 |     1 ||    16
         Plasma Beam       |       |       |       |       |       |       |    23 |    19 ||    42
         Ozocubu's Refrige |       |       |       |       |       |       |     7 |    19 ||    26
 Invoke: Curse Item        |       |       |     4 |     3 |       |     4 |     1 |       ||    12
         Shatter the Chain |       |       |       |       |       |     3 |     1 |       ||     4
  Evoke: Wand              |       |     3 |       |     8 |    13 |    43 |     7 |     4 ||    78
         Phantom mirror    |       |       |       |       |       |     3 |       |       ||     3
         Lightning rod     |       |       |       |       |       |     5 |     4 |     3 ||    12
         Phial of floods   |       |       |       |       |       |     1 |       |       ||     1
    Use: Scroll            |       |     8 |    10 |     2 |     5 |    13 |    16 |     7 ||    61
         Potion            |       |       |       |     1 |    10 |     6 |     4 |     8 ||    29
   Stab: Sleeping          |       |     3 |     1 |       |     1 |     2 |     4 |       ||    11
         Distracted        |       |       |       |       |       |     1 |    11 |       ||    12
         Held in net/web   |       |       |       |       |       |       |     3 |       ||     3
 Armour: Robe              |     4 |    11 |    16 |     3 |       |   154 |   213 |    42 ||   443
         Leather armour    |       |       |       |    46 |   124 |    54 |       |       ||   224
  Dodge: Dodged            |    20 |    42 |    81 |   155 |   359 |   965 |   962 |   214 ||  2798
  Block: Other             |       |       |       |       |       |   106 |   131 |    31 ||   268
